 Dungeon Crawl Stone Soup version 0.29.1-15-g9cfb28693d (console) character file.

Game seed: 10824290775874620790

33 magui the Shield-Bearer (level 3, 0/36 HPs)
             Began as a Troll Fighter on Apr 28, 2023.
             Killed from afar by Sigmund (3 damage)
             ... with a magic dart
             ... on level 2 of the Dungeon.
             The game lasted 00:04:23 (606 turns).

magui the Shield-Bearer (Troll Fighter)              Turns: 606, Time: 00:04:24

Health: 0/36       AC:  5    Str: 26    XL:     3   Next: 12%
Magic:  2/2        EV:  8    Int:  4    God:
Gold:   13         SH:  7    Dex:  9    Spells: 2/2 levels left

rFire   . . .      SeeInvis .   a - +0 flail
rCold   . . .      Faith    .   c - +0 kite shield
rNeg    . . .      Spirit   .   b - +1 robe
rPois   .          Reflect  .   (helmet restricted)
rElec   .          Harm     .   (no cloak)
rCorr   .          Rampage  .   (gloves unavailable)
Will    .....                   (boots unavailable)
Stlth   +.........              (no amulet)
HPRegen 0.92/turn               (no ring)
MPRegen 0.08/turn               (no ring)

@: no status effects
A: large, unfitting armour, claws 3, regeneration 1, shaggy fur 1, tough skin 1
a: no special abilities


You were on level 2 of the Dungeon.
You visited 1 branch of the dungeon, and saw 2 of its levels.

You collected 13 gold pieces.

Inventory:

Hand Weapons
 a - a +0 flail (weapon)
Armour
 b - a +1 robe (worn)
 c - a +0 kite shield (worn)
Potions
 d - a potion of might
 f - 2 potions of flight {unknown}
 i - a potion of ambrosia {unknown}
 j - a potion of haste {unknown}


   Skills:
 + Level 2.7 Fighting
 + Level 2.1 Maces & Flails
 + Level 2.8 Dodging
 + Level 3.0 Shields


You had 2 spell levels left.
You didn't know any spells.
Your spell library was empty.

Dungeon Overview and Level Annotations

Branches:
Dungeon (2/15)

Altars:

Annotations:
D:2 Sigmund


Innate Abilities, Weirdness & Mutations

You are too large for most types of armour.
You have claws for hands.
Your natural rate of healing is unusually fast.
You are covered in fur. (AC +1)
You have tough skin. (AC +1)


Message History

The stone hits Sigmund but does no damage.
Sigmund is lightly wounded.
Throw: 2 stones
Press: ? - help, Q - select action Shift-Dir - straight line, f/p - Sigmund
Aim: Sigmund, wielding a +0 scythe and wearing a +0 robe (lightly wounded, 50% to hit)
You throw a stone. The stone hits Sigmund.
Sigmund is lightly wounded.
Sigmund hits you but does no damage.
Throw: stone
Press: ? - help, Q - select action Shift-Dir - straight line, f/p - Sigmund
Aim: Sigmund, wielding a +0 scythe and wearing a +0 robe (lightly wounded, 50% to hit)
You throw a stone. The stone closely misses Sigmund.
Sigmund gestures wildly while chanting.
Sigmund flickers and vanishes!
Deactivating autopickup; reactivate with Ctrl-A.
Autopickup is now on.
You block something's attack.
Deactivating autopickup; reactivate with Ctrl-A.
You closely miss something. Something hits you!
You closely miss something. Something hits you.
You closely miss something. Something hits you.
You miss something. You block something's attack.
You closely miss something. You block something's attack.
You closely miss something. You block something's attack.
You closely miss something. Something hits you.
You barely miss something.
You hear some strange, mumbled words.
A magic dart appears from out of thin air!
The magic dart hits you!
You barely miss something. Something hits you.
You miss something. Something hits you.
You closely miss something. Something hits you.
* * * LOW HITPOINT WARNING * * *
You miss something. Something hits you!
* * * LOW HITPOINT WARNING * * *
You sock something!
You hear some strange, mumbled words.
A magic dart appears from out of thin air!
The magic dart hits you.
You die... # #. .. #.#######... #..<@{...... #.#######... .. ##

There were no monsters in sight!

Vanquished Creatures
  3 dart slugs (D:1)
  A ball python (D:1)
  An endoplasm (D:1)
  A giant cockroach (D:1)
  3 hobgoblins (D:1)
  4 jackals (D:1)
  4 kobolds (D:1)
  A bat (D:1)
  A frilled lizard (D:1)
  4 goblins (D:1)
  A rat (D:1)
24 creatures vanquished.

Notes
Turn   | Place    | Note
-------+----------+-------------------------------------------
     0 | D:1      | magui the Troll Fighter began the quest for the Orb.
     0 | D:1      | Reached XP level 1. HP: 22/22 MP: 0/0
   130 | D:1      | Reached XP level 2. HP: 29/29 MP: 1/1
   188 | D:1      | Reached skill level 3 in Shields
   250 | D:1      | Reached XP level 3. HP: 36/36 MP: 2/2
   588 | D:2      | Noticed Sigmund
   605 | D:2      | HP: 1/36 [something (8)]
   606 | D:2      | Killed from afar by Sigmund

Illustrated notes

Levels and vault maps discovered:
D:1:      pf_arrival_petrified_forest, layout_rooms
D:2:      layout_loops_ring, serial_bayou_pond_e, uniq_natasha, uniq_sigmund

Skill      XL: |  1  2 |
---------------+-------+-----
Maces & Flails | 2 |  2.1
Shields        | 3 |  3.0
Fighting       | |  2.7
Dodging        | |  2.8

Action                   || total
-------------------------++-------
Melee: Flail             ||    89
Throw: Stone             ||     7
  Use: Scroll            ||     3
Armor: Robe              ||    34
Dodge: Dodged            ||    35
Block: Kite shield       ||    49
